 Dungeon Crawl Stone Soup version 0.14-a0-2964-g8dc6adb (webtiles) character file.

223 Kae the Poker (level 3, 0/27 HPs)
             Began as a Merfolk Gladiator on Mar 5, 2014.
             Slain by Crazy Yiuf
             ... wielding a +2,+3 quarterstaff of chaos
              (6 damage)
             ... on Level 2 of the Dungeon.
             The game lasted 00:01:10 (1824 turns).

Kae the Poker (Merfolk Gladiator)                   Turns: 1824, Time: 00:01:10

HP   0/27        AC  4     Str 15      XL: 3   Next: 87%
MP   3/3         EV 13     Int  8      God:
Gold 170         SH  0     Dex 14      Spells:  0 memorised,  2 levels left

rFire  . . .     SeeInvis .     a - +0 trident
rCold  . . .     Clarity  .     b - +0 leather armour
rNeg   . . .     Conserve .     (no shield)
rPois  .         rCorr    .     c - +0 helmet
rElec  .         rRot     .     (no cloak)
SustAb . .       Spirit   .     (no gloves)
rMut   .         Warding  .     (no boots)
Saprov . . .     Stasis   .     (no amulet)
MR     .....                    (no ring)
                                (no ring)

@: mildly poisoned, not resistant to hostile enchantments, unstealthy
A: change form in water, swift swim
a: no special abilities


You were on level 2 of the Dungeon.
You were not hungry.

You visited 1 branch of the dungeon, and saw 2 of its levels.

You collected 170 gold pieces.

Inventory:

Hand weapons
 a - a +0,+0 trident (weapon)
Missiles
 d - 3 throwing nets (quivered)
Armour
 b - a +0 leather armour (worn)
 c - a +0 helmet (worn)
Comestibles
 f - a bread ration
 g - an apple
Scrolls
 e - 3 scrolls of identify {unknown}
 h - 3 scrolls of random uselessness {unknown}
 i - a scroll of noise {unknown}
 j - a scroll of recharging {unknown}
 k - a scroll of teleportation {unknown}
 l - a scroll of fog {unknown}
 m - 2 scrolls of enchant armour {unknown}
 p - a scroll of amnesia {unknown}
 r - a scroll of magic mapping {unknown}
 u - a scroll of enchant weapon I {unknown}
Jewellery
 n - an uncursed ring of magical power {unknown}
Potions
 o - a potion of confusion {unknown}
 q - a potion of invisibility {unknown}
 s - a potion of heal wounds {unknown}
 t - a potion of restore abilities {unknown}


   Skills:
 - Level 2.1 Fighting
 * Level 5.8 Polearms
 - Level 2.0 Throwing
 + Level 5.1 Dodging


You had 2 spell levels left.
You didn't know any spells.

Dungeon Overview and Level Annotations

Branches:
Dungeon (2/16)

Altars:
Xom

Annotations:
D:2 Crazy Yiuf


Message History

You are too injured to fight recklessly!
You are too injured to fight recklessly!
You are too injured to fight recklessly!
You are too injured to fight recklessly!
You are too injured to fight recklessly!
You are too injured to fight recklessly!
You are too injured to fight recklessly!
You are too injured to fight recklessly!
You are too injured to fight recklessly!
You closely miss Crazy Yiuf.
Crazy Yiuf is heavily wounded.
Crazy Yiuf closely misses you.
You hit Crazy Yiuf but do no damage.
Crazy Yiuf is heavily wounded.
Crazy Yiuf says, "Gnoll sow foot!"
Crazy Yiuf misses you.
You barely miss Crazy Yiuf.
Crazy Yiuf is heavily wounded.
Crazy Yiuf hits you with a quarterstaff of chaos.
You die...

#.#######.##.#...........####.###
#.# #.####....###...### #.#
#.#######.# ##....###.....# #.#
.......##.# ♣♣....♣♣#...#.###.#
.......##.# ♣♣♣...♣♣#......##.#
.[.....##.# ♣♣♣♣.♣♣♣#......##.#
.......##.# ♣♣♣♣.♣♣#......##.###
.......##.# ♣♣.♣♣♣#......##....
...%...##.# ♣♣@♣♣♣#..#...##....
....#####.# ♣♣g♣♣♣ #..#.........
..........# ##.##♣ #..##........
..........# .. #..##........
..........# #.. #####.###....
..........# #). #...>...#....
#.##......# ### #####.#.#.###
#.##......# #.....#.#.#
#.##......#################.#.#


You could see Crazy Yiuf.

Vanquished Creatures
  An adder (D:2)
  A giant gecko (D:2)
  2 oozes
  2 giant cockroaches
  4 hobgoblins
  3 jackals (D:1)
  5 kobolds
  A quokka (D:2)
  9 bats
  2 giant newts
  5 goblins
  3 rats
38 creatures vanquished.

Notes
Turn   | Place    | Note
--------------------------------------------------------------
     0 | D:1      | Kae, the Merfolk Gladiator, began the quest for the Orb.
     0 | D:1      | Reached XP level 1. HP: 16/16 MP: 1/1
   184 | D:1      | Reached XP level 2. HP: 22/22 MP: 2/2
   446 | D:1      | Reached skill level 5 in Polearms
   499 | D:1      | Reached XP level 3. HP: 14/27 MP: 3/3
   898 | D:2      | Reached skill level 5 in Dodging
  1194 | D:2      | Found a shimmering altar of Xom.
  1814 | D:2      | Noticed Crazy Yiuf
  1824 | D:2      | Slain by Crazy Yiuf

Action                   || total
-------------------------++-------
Melee: Trident           ||   176
